 Dungeon Crawl Stone Soup version 0.19-a0-1021-g80cc50c (webtiles) character file.

13356 tyvek the Cleaver (level 11, 0/101 HPs)
             Began as a Minotaur Berserker on July 27, 2016.
             Was a High Priest of Trog.
             Slain by an orc knight
             ... wielding a +0 battleaxe
              (27 damage)
             ... on level 1 of the Orcish Mines.
             The game lasted 00:22:02 (10131 turns).

tyvek the Cleaver (Minotaur Berserker)             Turns: 10131, Time: 00:22:02

Health: 0/101      AC: 16    Str: 23    XL:     11   Next: 74%
Magic:  10/10      EV: 12    Int:  5    God:    Trog [*****.]
Gold:   1347       SH:  0    Dex: 16    Spells: 0 memorised, 10 levels left

rFire  . . .     SeeInvis .     t - +9 executioner's axe of Udei {chop, Dex+5}
rCold  + . .     Gourm    .     F - +0 plate armour
rNeg   . . .     Faith    .     (shield currently unavailable)
rPois  .         Spirit   .     (helmet restricted)
rElec  .         Dismiss  .     r - +0 cloak
rCorr  +         Reflect  .     (no gloves)
SustAt .         Harm     .     (no boots)
MR     ++...                    (no amulet)
Stlth  ..........               n - ring of resist corrosion
                                u - ring of protection from cold {rC+, !d}

@: exhausted, very slightly contaminated, regenerating, very resistant to
hostile enchantments, extremely unstealthy
A: retaliatory headbutt, horns 2
a: Berserk, Trog's Hand, Brothers in Arms, Burn Spellbooks, Renounce Religion


You were on level 1 of the Orcish Mines.
You worshipped Trog.
Trog was extremely pleased with you.
You were not hungry.

You visited 2 branches of the dungeon, and saw 11 of its levels.
You also visited: Sewer.

You collected 1347 gold pieces.

Inventory:

Hand Weapons
 b - a +1 whip of electrocution
   (You took it off a kobold on level 1 of the Dungeon)
 c - a +0 glaive of flaming
   (You took it off an orc high priest on level 2 of the Orcish Mines)
 t - the +9 executioner's axe of Udei (weapon) {chop, Dex+5}
   (Trog gifted it to you on level 8 of the Dungeon)

   It inflicts extra damage upon your enemies.
   It affects your dexterity (+5).
 H - a +1 dagger of distortion {!w}
   (You took it off an orc on level 1 of the Orcish Mines)
Missiles
 y - a throwing net {=f, !d}
Armour
 r - a +0 cloak (worn)
   (You found it on level 6 of the Dungeon)
 F - a +0 plate armour (worn)
   (You found it on level 8 of the Dungeon)
 G - a +1 robe of fire resistance
   (You took it off an orc sorcerer on level 2 of the Orcish Mines)
Jewellery
 n - a ring of resist corrosion (right hand)
   (You found it on level 4 of the Dungeon)
 u - a ring of protection from cold (left hand) {rC+, !d}
   (You found it on level 3 of the Dungeon)
Wands
 C - a wand of iceblast (4/15)
   (You found it on level 9 of the Dungeon)
Scrolls
 d - 7 scrolls of immolation {!r}
 e - 2 scrolls of recharging
 f - 2 scrolls of remove curse
 m - 2 scrolls of teleportation
 q - a scroll of vulnerability {!r!r}
 w - 3 scrolls of magic mapping {!r}
 B - a scroll of fog
Potions
 a - a potion of mutation {unknown}
 g - 3 potions of heal wounds
 h - 12 potions of curing
 j - 4 potions of might
 k - 5 potions of brilliance
 l - a potion of haste
 x - a potion of lignification {unknown}
 z - 4 potions of agility
 A - a potion of cancellation
 E - a potion of flight
Comestibles
 i - 7 fruits
 o - a meat ration {@e2}
 s - 11 royal jellies
 D - a slice of pizza


   Skills:
 + Level 10.9 Fighting
 * Level 14.2 Axes
 + Level 10.5 Armour
 + Level 9.5 Dodging


You had 10 spell levels left.
You didn't know any spells.

Dungeon Overview and Level Annotations

Branches:
Dungeon (9/15)             Temple (0/1) D:5             Orc (2/2) D:9
    Elf (0/3) Orc:2
   Lair: D:8-11

Altars:
Ashenzari
Dithmenos
Fedhas
Gozag
Kikubaaqudgha
Nemelex Xobeh
Okawaru
Pakellas
Sif Muna
Zin
Beogh

Shops:
Orc:2 %[(


Innate Abilities, Weirdness & Mutations

You reflexively headbutt those who attack you in melee.
You have a pair of horns on your head.


Message History

You furiously retaliate!
You headbutt the orc priest! The orc completely misses you.
Items here: ))) [ †† a flail of protection; a ring mail; a dagger; a mace; an orc corpse x2
You slash the orc knight!
You headbutt the orc knight, but do no damage.
You barely miss the orc. You closely miss the orc priest.
The orc knight barely misses you.
You slice the orc knight!! You headbutt the orc knight.
You slice the orc priest!!
You kill the orc priest!
Trog accepts your kill.
You barely miss the orc. The orc hits you but does no damage.
You closely miss the orc knight. Your headbutt misses the orc knight.
You slash the orc!
You kill the orc!
Trog accepts your kill.
The orc knight hits you with a great mace!
You take 13 damage, and have 55/151 hp.
You barely miss the orc knight.
The orc knight hits you with a great mace!
You take 9 damage, and have 46/151 hp.
You slice the orc knight!!
You kill the orc knight!
Trog accepts your kill.
An orc knight comes into view. It is wielding a battleaxe.
The orc knight shouts!
Things that are here:
a great mace; a plate armour; an orc corpse You feel a strong urge to attack something.
Items here: ))) [ †† a flail of protection; a ring mail; a dagger; a mace; an orc corpse x2
You are no longer berserk.
You are exhausted.
You feel yourself slow down.
You are feeling very hungry.
You now have 34/101 hp.
You feel the effects of Trog's Hand fading.
You regained 2 hp, and now have 37/101 hp.
You regained 2 hp, and now have 39/101 hp.
You regained 2 hp, and now have 41/101 hp.
Your skin stops crawling.
You feel less resistant to hostile enchantments.
You closely miss the orc knight. You headbutt the orc knight.
The orc knight hits you with a battleaxe!
* * * LOW HITPOINT WARNING * * *
The orc knight hits you with a battleaxe.
* * * LOW HITPOINT WARNING * * *
You take 18 damage, and have 24/101 hp.
You slash the orc knight! Your headbutt misses the orc knight.
The orc knight hits you with a battleaxe.
* * * LOW HITPOINT WARNING * * *
You take 1 damage, and have 23/101 hp.
You fade into invisibility!
The orc knight hits you but does no damage.
The orc knight hits you with a battleaxe!
* * * LOW HITPOINT WARNING * * *
You are very lightly contaminated with residual magic.
You take 8 damage, and have 15/101 hp.
The orc knight hits you but does no damage.
Things that are here:
a plate armour; a hand axe
There is a stone staircase leading up, spattered with blood here.
You see here a tomahawk.
The orc knight hits you with a battleaxe!
* * * LOW HITPOINT WARNING * * *
The orc knight hits you with a battleaxe.
* * * LOW HITPOINT WARNING * * *
You climb upwards.
There is a stone staircase leading down, spattered with blood here.
You take 10 damage, and have 7/101 hp.
You feel much better.
You regained 25 hp, and now have 32/101 hp.
Your skin crawls.
You feel resistant to hostile enchantments.
You are near starving!
You regained 2 hp, and now have 34/101 hp.
You start eating one of the 2 meat rations {@e2}.
You flicker for a moment.
The orc knight barely misses you.
Keep eating?
You continue eating.
The orc knight barely misses you.
You continue eating.
The orc knight closely misses you.
You finish eating.
That meat ration really hit the spot!
You regained 6 hp, and now have 40/101 hp.
You strike the helpless orc knight from behind!
You hit the orc knight.
You flicker back into view.
The orc knight hits you with a battleaxe!
* * * LOW HITPOINT WARNING * * *
The orc knight hits you with a battleaxe.
* * * LOW HITPOINT WARNING * * *
You take 16 damage, and have 24/101 hp.
You're too exhausted to go berserk.
You completely miss the orc knight. You headbutt the orc knight!
You feel yourself speed up.
The orc knight hits you with a battleaxe!!
You die...

###...# #..........####
##.##.#####...#.....#...##
##...#.#........#.........#
#..............##...##...## #
### ##.#.#..........##...#...#
###.####.#.............##...#.##
.#....#.................##.####
..#.........)..)[[...#.#####
.#.#.........[[o@...#...##
...............[.........#####
..........................##.##
.##.#.........................#
######........................#
##..................#.#.##
##.#.##...........######
#...###.#....#.#...# #
##.###...#....###.## ##


You could see an orc knight.

Vanquished Creatures
  An orc high priest (Orc:2)
  Pikel (D:8)
  5 orc knights
  3 orc sorcerers (Orc:2)
  3 trolls
  3 two-headed ogres
  Sigmund (D:4)
  A hippogriff (D:8)
  5 hungry ghosts
  6 wargs
  Edmund (D:6)
  An ice beast (D:5)
  2 black bears
  16 orc warriors
  4 slaves (D:8)
  2 sky beasts (D:8)
  Purgy (D:4)
  4 necrophages (D:9)
  A phantom (D:3)
  5 ogres
  4 centaurs
  4 big kobolds
  3 giant frogs
  A wyvern zombie (D:6)
  A water moccasin zombie (D:6)
  A scorpion (D:8)
  A troll zombie (D:9)
  6 howler monkeys
  4 crimson imps
  A giant frog zombie (D:9)
  3 hounds
  4 jellies
  A quasit (D:9)
  14 orc priests (Orc:2)
  A giant frog skeleton (D:9)
  3 iguanas
  Natasha (thrice) (D:3)
  9 orc wizards
  6 worker ants
  5 ogre zombies (D:9)
  2 hound zombies
  A hound skeleton (D:6)
  A howler monkey zombie (D:9)
  A mummy (D:9)
  2 worker ant zombies (D:9)
  A howler monkey skeleton (D:8)
  6 river rats (Sewer)
  6 adders
  A shadow imp (D:8)
  7 oozes
  2 adder skeletons
  2 worms
  4 dart slugs
  6 giant geckos
  57 orcs
  8 ball pythons
  7 giant cockroaches
  19 goblins
  10 hobgoblins
  8 jackals
  26 kobolds
  3 quokkas (D:4)
  9 bats
  3 giant newts
  2 goblin skeletons (D:9)
  2 goblin zombies (D:9)
  3 hobgoblin zombies (D:9)
  3 orc skeletons (D:9)
  9 orc zombies (D:9)
  31 rats
383 creatures vanquished.

Vanquished Creatures (others)
  A cyclops (D:9)
1 creature vanquished.

Grand Total: 384 creatures vanquished

Notes
Turn   | Place    | Note
-------+----------+-------------------------------------------
     0 | D:1      | tyvek the Minotaur Berserker began the quest for the Orb.
     0 | D:1      | Reached XP level 1. HP: 19/19 MP: 0/0
   120 | D:1      | Reached XP level 2. HP: 21/27 MP: 1/1
   235 | D:1      | Reached skill level 4 in Axes
   570 | D:1      | Reached ** piety under Trog
   889 | D:2      | Reached XP level 3. HP: 29/33 MP: 2/2
  1400 | D:2      | Reached skill level 4 in Fighting
  1505 | D:3      | Reached skill level 3 in Armour
  1617 | D:3      | Reached XP level 4. HP: 39/40 MP: 3/3
  1661 | D:3      | Found a shadowy altar of Dithmenos.
  1684 | D:3      | Reached *** piety under Trog
  1795 | D:3      | Reached skill level 3 in Dodging
  1830 | D:3      | Noticed Natasha
  1835 | D:3      | Killed Natasha
  1835 | D:3      | Reached skill level 5 in Axes
  2026 | D:3      | Noticed Natasha
  2040 | D:3      | Killed Natasha
  2042 | D:3      | Found a faded altar of an unknown god.
  2322 | D:3      | Reached XP level 5. HP: 44/46 MP: 4/4
  2491 | D:3      | Noticed a phantom
  2501 | D:3      | Noticed Natasha
  2508 | D:3      | Killed a phantom
  2509 | D:3      | Killed Natasha
  2509 | D:3      | Reached skill level 4 in Armour
  2711 | D:4      | Noticed Purgy
  2715 | D:4      | Killed Purgy
  2715 | D:4      | Reached skill level 6 in Axes
  2715 | D:4      | Reached XP level 6. HP: 55/55 MP: 5/5
  2809 | D:4      | Noticed Sigmund
  2817 | D:4      | Killed Sigmund
  2817 | D:4      | Reached skill level 5 in Fighting
  2817 | D:4      | Reached skill level 4 in Dodging
  3087 | D:4      | Reached skill level 7 in Axes
  3087 | D:4      | Reached XP level 7. HP: 59/61 MP: 6/6
  3141 | D:4      | Found an opulent altar of Gozag.
  3267 | D:4      | Reached **** piety under Trog
  3416 | D:5      | Entered Level 5 of the Dungeon
  3421 | D:5      | Reached skill level 5 in Armour
  3937 | D:5      | Found an iron altar of Okawaru.
  3938 | D:5      | Found a sparkling altar of Nemelex Xobeh.
  3990 | D:5      | HP: 21/93 [ogre/giant spiked club (11)]
  3991 | D:5      | Reached skill level 8 in Axes
  3993 | D:5      | Reached XP level 8. HP: 24/70 MP: 7/7
  3995 | D:5      | HP: 24/105 [poisoned by a worker ant]
  4001 | D:5      | HP: 15/70 [poisoned by a worker ant]
  4127 | D:5      | Found a staircase to the Ecumenical Temple.
  4213 | D:6      | Found an ancient bone altar of Kikubaaqudgha.
  4215 | D:6      | Reached skill level 6 in Fighting
  4229 | D:6      | Reached skill level 5 in Dodging
  4347 | D:6      | Noticed Edmund
  4368 | D:6      | Killed Edmund
  4368 | D:6      | Reached skill level 9 in Axes
  4368 | D:6      | Reached skill level 6 in Armour
  4403 | D:6      | Found a shattered altar of Ashenzari.
  4608 | D:6      | Found a glowing drain.
  4626 | Sewer    | Entered a sewer
  4852 | Sewer    | Reached skill level 7 in Fighting
  4879 | Sewer    | Reached ***** piety under Trog
  5338 | D:7      | Reached XP level 9. HP: 78/79 MP: 8/8
  5343 | D:7      | Reached skill level 6 in Dodging
  5515 | D:7      | Reached skill level 10 in Axes
  5562 | D:7      | Reached skill level 7 in Armour
  5606 | D:7      | Found a deep blue altar of Sif Muna.
  5834 | D:8      | Noticed a troll
  5851 | D:8      | Killed a troll
  5857 | D:8      | HP: 18/80 [sky beast (5)]
  6158 | D:8      | Noticed Pikel
  6194 | D:8      | Found an oddly glowing altar of Pakellas.
  6206 | D:8      | Received a gift from Trog
  6206 | D:8      | Reached skill level 8 in Fighting
  6214 | D:8      | Killed Pikel
  6214 | D:8      | Reached skill level 11 in Axes
  6214 | D:8      | Reached skill level 7 in Dodging
  6219 | D:8      | Got a brightly glowing executioner's axe {god gift}
  6270 | D:7      | Identified the +9 executioner's axe of Udei {chop, Dex+5} (Trog gifted it to you on level 8 of the Dungeon)
  6298 | D:8      | Reached skill level 8 in Armour
  6409 | D:8      | Reached XP level 10. HP: 74/90 MP: 9/9
  6777 | D:9      | Reached skill level 9 in Fighting
  6997 | D:9      | Found a staircase to the Orcish Mines.
  7107 | D:9      | Found an oddly glowing altar of Pakellas.
  7108 | D:9      | Noticed a cyclops
  7113 | D:9      | Killed a cyclops
  7303 | D:9      | Reached skill level 12 in Axes
  7556 | D:9      | Found a glowing silver altar of Zin.
  7556 | D:9      | Found a blossoming altar of Fedhas.
  7874 | Orc:1    | Entered Level 1 of the Orcish Mines
  7874 | Orc:1    | Found a roughly hewn altar of Beogh.
  7877 | Orc:1    | Noticed an orc knight
  7884 | Orc:1    | Killed an orc knight
  7884 | Orc:1    | Reached skill level 9 in Armour
  7884 | Orc:1    | Reached skill level 8 in Dodging
  8307 | Orc:2    | Entered Level 2 of the Orcish Mines
  8337 | Orc:2    | Noticed an orc high priest
  8338 | Orc:2    | Noticed a sun demon
  8340 | Orc:2    | Noticed an orc sorcerer
  8345 | Orc:2    | Noticed a rust devil
  8345 | Orc:2    | Noticed a soul eater
  8489 | Orc:2    | Noticed a sixfirhy
  8489 | Orc:2    | Noticed an orange demon
  8489 | Orc:2    | Killed an orc sorcerer
  8555 | Orc:2    | Noticed a sun demon
  8680 | Orc:2    | Noticed a sun demon
  8682 | Orc:2    | HP: 23/93 [sun demon[an orc high priest] (16)]
  8683 | Orc:2    | HP: 6/93 [sun demon[an orc high priest] (13)]
  9039 | Orc:2    | Noticed a sun demon
  9039 | Orc:2    | Noticed a sixfirhy
  9041 | Orc:2    | Killed an orc high priest
  9041 | Orc:2    | Reached skill level 10 in Fighting
  9041 | Orc:2    | Reached skill level 13 in Axes
  9041 | Orc:2    | Reached XP level 11. HP: 96/99 MP: 10/10
  9052 | Orc:2    | Noticed an orc sorcerer
  9057 | Orc:2    | Noticed an orc knight
  9060 | Orc:2    | Killed an orc sorcerer
  9067 | Orc:2    | Killed an orc knight
  9434 | Orc:2    | Found Gunotim's Food Shop.
  9479 | Orc:2    | Found Qudojymu's Antique Armour Emporium.
  9481 | Orc:2    | Noticed an orc knight
  9482 | Orc:2    | Noticed an orc sorcerer
  9488 | Orc:1    | Noticed an orc knight
  9491 | Orc:1    | Reached skill level 9 in Dodging
  9494 | Orc:1    | Killed an orc knight
  9494 | Orc:1    | Reached skill level 10 in Armour
  9736 | Orc:2    | HP: 16/101 [orc sorcerer/bolt of negative energy[an orc knight] (29)]
  9736 | Orc:2    | HP: 5/101 [troll (11)]
  9747 | Orc:1    | Killed an orc knight
  9934 | Orc:2    | Killed an orc sorcerer
  9967 | Orc:2    | Found Morchyefu's Weapon Shoppe.
 10062 | Orc:2    | Found a staircase to the Elven Halls.
 10081 | Orc:2    | Received a gift from Trog
 10086 | Orc:2    | Reached skill level 14 in Axes
 10093 | Orc:2    | Noticed an orc knight
 10104 | Orc:2    | Killed an orc knight
 10105 | Orc:2    | Noticed an orc knight
 10115 | Orc:2    | HP: 24/101 [orc knight/battleaxe (4)]
 10123 | Orc:2    | HP: 10/101 [orc knight/battleaxe (7)]
 10130 | Orc:1    | HP: 24/101 [orc knight/battleaxe (6)]
 10131 | Orc:1    | Slain by an orc knight

Vault maps used:
D:1:      wheals_arrival_shading, minmay_tall_x
D:3:      nicolae_overflow_crystal_walls, ecumenical_altar_2, uniq_natasha
D:4:      lemuel_doored_altar, serial_glass, glass_columns_a, glass_columns_a,
          feat_on_display, item_on_display_a, due_unseen_surprise, uniq_sigmund,
          uniq_purgy, uniq_edmund
D:5:      minitemple, first_bread
D:6:      overflow_temple_1_default, basic_altar, portal_sewer_entry_f
D:7:      kennysheep_mini_moat
D:8:      basic_altar, uniq_pikel
D:9:      gammafunk_temple_overflow_elements, zombieorc1_lemuel, serial_undead,
          serial_undead_d, serial_undead_a, serial_undead_d, serial_undead_a,
          hangedman_little_slice_of_home, minmay_statues_item,
          gammafunk_pakellas_spire_experiment
Orc:1:    basic_altar, uniq_maurice
Orc:2:    st_orc_pillars, serial_shops, shop, shop_statue, shop
Sewer:    sewer_minmay_treatment

Skill      XL: |  1  2  3  4  5  6  7  8  9 10 11 |
---------------+----------------------------------+-----
Axes           | 4 5 6 7 8 9 11 13 14 | 14.2
Fighting       | 4 5 7 8 10 | 10.9
Armour         | 3 4 5 6 8 9 10 | 10.5
Dodging        | 3 4 5 7 8 9 |  9.5

Action                   |  1- 3 |  4- 6 |  7- 9 | 10-12 || total
-------------------------+-------+-------+-------+-------++-------
Melee: Hand axe          |    52 |       |   145 |       ||   197
       Mace              |    64 |    85 |   240 |       ||   389
       Headbutt          |     9 |    16 |    91 |    39 ||   155
       Executioner's axe |       |       |    21 |   217 ||   238
Invok: Berserk           |       |     5 |     5 |     5 ||    15
       Trog's Hand       |       |     1 |     3 |     7 ||    11
  Use: Scroll            |     5 |     5 |    10 |     2 ||    22
       Potion            |       |       |     2 |     4 ||     6
 Stab: Invisible         |       |       |       |     1 ||     1
  Eat: Chunk             |     2 |     7 |    10 |     8 ||    27
       Beef jerky        |       |     1 |     2 |       ||     3
       Bread ration      |       |       |     2 |     5 ||     7
       Meat ration       |       |       |       |     1 ||     1
Armor: Animal skin       |    10 |       |       |       ||    10
       Chain mail        |    62 |    46 |   221 |     7 ||   336
       Plate armour      |       |       |       |   129 ||   129
Dodge: Dodged            |    55 |    33 |   224 |   191 ||   503
Block: Shield            |       |       |    27 |       ||    27

Vault maps used:
D:1:      wheals_arrival_shading, minmay_tall_x
D:3:      nicolae_overflow_crystal_walls, ecumenical_altar_2, uniq_natasha
D:4:      lemuel_doored_altar, serial_glass, glass_columns_a, glass_columns_a,
          feat_on_display, item_on_display_a, due_unseen_surprise, uniq_sigmund,
          uniq_purgy, uniq_edmund
D:5:      minitemple, first_bread
D:6:      overflow_temple_1_default, basic_altar, portal_sewer_entry_f
D:7:      kennysheep_mini_moat
D:8:      basic_altar, uniq_pikel
D:9:      gammafunk_temple_overflow_elements, zombieorc1_lemuel, serial_undead,
          serial_undead_d, serial_undead_a, serial_undead_d, serial_undead_a,
          hangedman_little_slice_of_home, minmay_statues_item,
          gammafunk_pakellas_spire_experiment
Orc:1:    basic_altar, uniq_maurice
Orc:2:    st_orc_pillars, serial_shops, shop, shop_statue, shop
Sewer:    sewer_minmay_treatment

Table legend:
 A = Turns spent in this place as a percentage of turns spent in the entire game.
 B = Non-inter-level travel turns spent in this place as a percentage of non-inter-level travel turns spent in the entire game.
 C = Inter-level travel turns spent in this place as a percentage of turns spent in this place.
 D = Turns resting spent in this place as a percentage of non-inter-level travel turns spent in this place.
 E = Turns spent auto-exploring this place as a percentage of non-inter-level travel turns spent in this place.
 F = Non-inter-level travel turns spent in this place divided by the number of levels of this place that you've seen.
                   A       B       C       D       E      F
               +-------+-------+-------+-------+-------+----------------------
         Total | 100.0 | 100.0 |   0.4 |   4.7 |  11.8 | 279.3
       Dungeon |  75.6 |  75.5 |   0.5 |   3.7 |  12.5 | 281.3
  Orcish Mines |  14.6 |  14.7 |   0.0 |  12.2 |   8.5 | 246.0
         Sewer |   9.8 |   9.8 |   0.0 |   1.2 |  11.3 | 328.0
               +-------+-------+-------+-------+-------+----------------------

Table legend:
 A = Kills in this place as a percentage of kills in entire the game.
 B = Kills by you in this place as a percentage of kills by you in the entire game.
 C = Kills by friends in this place as a percentage of kills by friends in the entire game.
 D = Other kills in this place as a percentage of other kills in the entire game.
 E = Experience gained in this place as a percentage of experience gained in the entire game.
 F = Experience gained in this place divided by the number of levels of this place that you have seen.
                   A       B       C       D       E      F
               +-------+-------+-------+-------+-------+----------------------
         Total | 100.0 | 100.0 |  -nan |  -nan | 100.0 | 1590.0
       Dungeon |  64.4 |  64.4 |  -nan |  -nan |  40.5 | 859.2
  Orcish Mines |  23.0 |  23.0 |  -nan |  -nan |  57.2 | 5455.0
         Sewer |  12.7 |  12.7 |  -nan |  -nan |   2.3 | 437.0
               +-------+-------+-------+-------+-------+----------------------
